[Event "Titled Tuesday Blitz December 13 Late 2022"]
[White "Holt, Conrad"]
[Black "Timmermans, Mark"]
[WhiteFideId "2034387"]
[BlackFideId "1026399"]
[WhiteElo "2592"]
[BlackElo "2460"]
[Result "0-1"]
[Round "07"]
[TimeControl "180+1"]
[Date "2022.12.13"]
[WhiteClock "0:00:01"]
[BlackClock "0:00:24"]

1. d4 Nf6 2. c4 e6 3. Nc3 Bb4 4. Qc2 O-O 5. e4 d5 6. e5 Ne4 7. Bd3 c5 8. Nf3 cxd4 9. Nxd4 Nc5 10. Bxh7+ Kh8 11. Nf3 dxc4 12. O-O Nd3 13. Be4 Be7 14. Rd1 Nc6 15. Qe2 Kg8 16. Bxd3 cxd3 17. Rxd3 Qa5 18. Bf4 Qa6 19. Rad1 Nb4 20. R3d2 Qxe2 21. Rxe2 b6 22. a3 Nc6 23. Bg5 Ba6 24. Ree1 Rfd8 25. Bxe7 Nxe7 26. Nd4 Rd7 27. f4 Rad8 28. Nb3 Bc4 29. Nc1 Rd2 30. b3 Ba6 31. Rxd2 Rxd2 32. a4 Nf5 33. Ne4 Rc2 34. g3 Nd4 35. Ng5 Rxc1 36. Rxc1 Ne2+ 37. Kf2 Nxc1 38. b4 Nd3+ 39. Ke3 Nxb4 40. Kd4 Nc6+ 41. Kc3 b5 42. axb5 Bxb5 43. Ne4 a5 44. Kb3 Kf8 45. Nd6 Ba6 46. Ka4 Ke7 47. Ne4 f5 48. Nc5 Bc4 49. Nb7 Kd7 50. Nc5+ Kc7 51. h3 Kb6 52. Nd7+ Ka6 53. Nc5+ Kb6 54. Nd7+ Kc7 55. Nc5 Kd8 56. Nb7+ Ke7 57. Nc5 Bf1 58. h4 g6 59. Nb7 Nd4 60. Nxa5 Ne2 61. Nc6+ Kd7 62. Nb8+ Ke8 63. Kb4 Nxg3 64. Kc5 Nh5 65. Kd6 Nxf4 66. Nd7 Bc4 67. Nb6 Bb3 68. Na8 Ng2 69. Nc7+ Kf7 70. Nb5 Nxh4 71. Nd4 Bd5 72. Ne2 g5 73. Nc3 Bf3 74. Kc5 g4 75. Kd4 f4 0-1


[Site "https://www.chess.com"]

[Event "Titled Tuesday Blitz December 13 Late 2022"]
[White "Jacobson, Brandon"]
[Black "Pakleza, Zbigniew"]
[WhiteFideId "30901561"]
[BlackFideId "1119290"]
[WhiteElo "2451"]
[BlackElo "2410"]
[Result "1-0"]
[Round "07"]
[TimeControl "180+1"]
[Date "2022.12.13"]
[WhiteClock "0:00:05"]
[BlackClock "0:00:04"]

1. Nf3 d5 2. e3 Nf6 3. c4 c6 4. Nc3 Bg4 5. Qb3 Qb6 6. Ne5 Be6 7. d4 Nbd7 8. f4 Nxe5 9. fxe5 Nd7 10. cxd5 Qxb3 11. axb3 Bxd5 12. b4 Nb6 13. Nxd5 Nxd5 14. b5 e6 15. e4 Nb4 16. Ra4 cxb5 17. Bxb5+ Kd8 18. Bd2 a6 19. O-O Rc8 20. Be2 Nc6 21. Rxf7 b5 22. Rxa6 Nxd4 23. Bd3 Ke8 24. Rb7 Bc5 25. Be3 Rf8 26. h4 Ne2+ 27. Bxe2 Bxe3+ 28. Kh2 Rf7 29. Bxb5+ Kf8 30. Rxf7+ Kxf7 31. Bd7 Rd8 32. Bxe6+ Kf8 33. Bd5 Bf4+ 34. Kh3 Bxe5 35. b4 Rb8 36. Ra8 Rxa8 37. Bxa8 Ke7 38. Kg4 g6 39. Bd5 Kf6 40. b5 h5+ 41. Kf3 Bc7 42. Ke2 Ke5 43. Bf7 Kf6 44. Be8 Bd8 45. g3 Kg7 46. e5 g5 47. Bxh5 gxh4 48. g4 h3 49. Kf3 Bc7 50. e6 Kf6 51. Bf7 h2 52. Kg2 Bd6 53. Bg8 Kg5 54. b6 Kf6 55. b7 Bb8 56. g5+ Ke7 57. g6 Kf6 58. Bf7 Bd6 59. Bg8 Kxg6 60. e7 h1=Q+ 61. Kxh1 Bxe7 62. b8=Q 1-0


[Site "https://www.chess.com"]

[Event "Titled Tuesday Blitz December 13 Late 2022"]
[White "Janaszak, Dawid"]
[Black "Topalov, Aleksandar"]
[WhiteFideId "1119206"]
[BlackFideId "925659"]
[WhiteElo "2220"]
[BlackElo "2151"]
[Result "1/2-1/2"]
[Round "07"]
[TimeControl "180+1"]
[Date "2022.12.14"]
[WhiteClock "0:00:24"]
[BlackClock "0:00:11"]

1. e4 e6 2. b3 d5 3. Bb2 Nf6 4. d3 dxe4 5. Nd2 Bb4 6. a3 Ba5 7. b4 Bb6 8. Nxe4 Nxe4 9. dxe4 Qxd1+ 10. Rxd1 O-O 11. Nf3 f6 12. Bc4 Nc6 13. O-O Kf7 14. e5 h6 15. Rfe1 f5 16. h4 Ke7 17. Bc3 a6 18. a4 Rd8 19. h5 Bd7 20. a5 Ba7 21. Nh4 Be8 22. Ng6+ Bxg6 23. hxg6 Rxd1 24. Rxd1 Rd8 25. Rxd8 Nxd8 26. Kf1 Nc6 27. b5 axb5 28. Bxb5 Nd4 29. Bd3 Bc5 30. f4 Nc6 31. Be1 Bb4 32. Bh4+ Kd7 33. a6 bxa6 34. Bxa6 Ne7 35. Bb5+ c6 36. Bxe7 Bxe7 37. Bc4 Bc5 38. Ke2 Bg1 39. g3 c5 40. Kf3 Ke7 41. g4 fxg4+ 42. Kxg4 Bd4 43. Kf3 Bc3 44. Bb5 Bd2 45. Ke4 Bc1 46. Bc4 Bd2 47. Bb3 Bc1 48. Ba4 Bb2 49. Bb5 Ba3 50. Bc4 Bc1 51. f5 exf5+ 52. Kxf5 Bb2 53. Bf7 Bc3 54. Ke4 Bd4 55. Kd5 Bf2 56. c3 Bg1 57. Kc6 Bf2 58. Kd5 Bg1 59. Ke4 Bf2 60. e6 Bg1 61. c4 Bf2 62. Kf3 Bd4 63. Kf4 Bg1 64. Kf3 Bd4 1/2-1/2


[Site "https://www.chess.com"]

[Event "Titled Tuesday Blitz December 13 Late 2022"]
[White "Jimenez Almeida, Luis David"]
[Black "Gerbelli Neto, Eduardo"]
[WhiteFideId "22242244"]
[BlackFideId "2103281"]
[WhiteElo "2158"]
[BlackElo "2178"]
[Result "1-0"]
[Round "07"]
[TimeControl "180+1"]
[Date "2022.12.14"]
[WhiteClock "0:00:23"]
[BlackClock "0:00:04"]

1. e4 e5 2. Nf3 Nc6 3. Bb5 a6 4. Ba4 d6 5. d4 b5 6. Bb3 Nxd4 7. Nxd4 exd4 8. Bd5 Rb8 9. Qxd4 c5 10. Qd1 Nf6 11. Bg5 Be7 12. Bxf6 Bxf6 13. c3 O-O 14. O-O b4 15. Qc2 Qb6 16. c4 b3 17. Qe2 bxa2 18. Rxa2 Bxb2 19. Nd2 Bf6 20. f4 Bd4+ 21. Kh1 Qb3 22. Nf3 Be3 23. f5 Bh6 24. g4 Be3 25. g5 Kh8 26. h4 g6 27. Rfa1 gxf5 28. Ra3 Qb1+ 29. Rxb1 Rxb1+ 30. Kg2 Bf4 31. Qa2 Rc1 32. Qb2+ Kg8 33. Rb3 fxe4 34. Bxe4 Rd1 35. Rb8 Bg4 36. Rxf8+ Kxf8 37. Qh8+ Ke7 38. Qf6+ Kf8 39. Qxf4 1-0


[Site "https://www.chess.com"]

[Event "Titled Tuesday Blitz December 13 Late 2022"]
[White "Jobava, Baadur"]
[Black "Chigaev, Maksim"]
[WhiteFideId "13601520"]
[BlackFideId "4108116"]
[WhiteElo "2582"]
[BlackElo "2542"]
[Result "0-1"]
[Round "07"]
[TimeControl "180+1"]
[Date "2022.12.13"]
[WhiteClock "0:00:01"]
[BlackClock "0:00:16"]

1. b3 g6 2. Bb2 Nf6 3. Bxf6 exf6 4. c4 d5 5. cxd5 Qxd5 6. Nc3 Qa5 7. a3 c5 8. g3 Bg7 9. Bg2 O-O 10. e3 f5 11. Nge2 Nc6 12. O-O Rd8 13. b4 cxb4 14. axb4 Qxb4 15. d4 Qe7 16. Nd5 Qd6 17. Nec3 Be6 18. Nb5 Qd7 19. Nbc3 Rac8 20. Qa4 f4 21. Nxf4 Nxd4 22. Qxd7 Bxd7 23. Ncd5 Nc6 24. Rab1 b6 25. Rfc1 Kf8 26. h4 h5 27. Be4 Ne5 28. Kg2 Bc6 29. Rd1 Nc4 30. Bf3 b5 31. Rb3 a5 32. e4 a4 33. Rbb1 a3 34. Nb4 Bb7 35. Nfd5 Nb2 36. Re1 Bxd5 37. exd5 Bc3 38. Re4 Rc4 0-1


[Site "https://www.chess.com"]

[Event "Titled Tuesday Blitz December 13 Late 2022"]
[White "Kamsky, Gata"]
[Black "Estrada Nieto, Julian"]
[WhiteFideId "2000024"]
[BlackFideId "5101018"]
[WhiteElo "2666"]
[BlackElo "2195"]
[Result "1-0"]
[Round "07"]
[TimeControl "180+1"]
[Date "2022.12.14"]
[WhiteClock "0:00:59"]
[BlackClock "0:00:05"]

1. e4 e5 2. Nf3 Nc6 3. Bb5 a6 4. Ba4 Nf6 5. O-O Be7 6. Re1 b5 7. Bb3 d6 8. c3 O-O 9. d4 Bg4 10. d5 Na5 11. Bc2 c6 12. h3 Bc8 13. dxc6 Qc7 14. Bg5 Nc4 15. b3 Nb6 16. Nbd2 Qxc6 17. Rc1 Qxc3 18. Bb1 Qa5 19. Nf1 Be6 20. Bd2 b4 21. Ng5 Rac8 22. Nxe6 fxe6 23. Qe2 Nbd7 24. Ne3 Nc5 25. Rc4 Rb8 26. Nc2 Qb5 27. Rxb4 Qxe2 28. Rxe2 Nd3 29. Rxb8 Rxb8 30. Ne3 Nf4 31. Re1 d5 32. exd5 exd5 33. g3 Nxh3+ 34. Kg2 Ng5 35. Nf5 Bb4 36. Bxb4 Rxb4 37. Rxe5 Kf8 38. Ne3 Nf7 39. Re6 a5 40. Ra6 d4 41. Ra8+ Ke7 42. Nf5+ Ke6 43. Nxg7+ Kd5 44. Rxa5+ Kc6 45. Ra6+ Kb5 46. Rxf6 Ne5 47. Rf5 d3 48. Rxe5+ Kb6 49. Bxd3 Rd4 50. Bxh7 1-0


[Site "https://www.chess.com"]

[Event "Titled Tuesday Blitz December 13 Late 2022"]
[White "Kaplan, Avi Harrison"]
[Black "Harshavardhan G B"]
[WhiteFideId "30934559"]
[BlackFideId "25059009"]
[WhiteElo "1983"]
[BlackElo "2323"]
[Result "0-1"]
[Round "07"]
[TimeControl "180+1"]
[Date "2022.12.14"]
[WhiteClock "0:00:02"]
[BlackClock "0:00:16"]

1. b4 Nf6 2. Bb2 e6 3. a3 a5 4. b5 c6 5. e3 d5 6. Nf3 Be7 7. c4 O-O 8. Be2 Nbd7 9. O-O c5 10. d3 b6 11. Nbd2 Bb7 12. a4 Bd6 13. Qb3 Qe7 14. Rac1 e5 15. cxd5 Bxd5 16. Qc2 e4 17. dxe4 Nxe4 18. Rfd1 Ndf6 19. Nxe4 Bxe4 20. Bxf6 gxf6 21. Bd3 Bxf3 22. Bxh7+ Kg7 23. gxf3 Rh8 24. Be4 Bxh2+ 25. Kf1 Rad8 26. Ke2 Rxd1 27. Rxd1 Bb8 28. Rg1+ Kf8 29. Bc6 Qe6 30. Qd3 Bc7 31. Qd7 Qxd7 32. Bxd7 Ke7 33. Bc6 Bd6 34. Rg4 f5 35. Rg7 Kf6 36. Rg1 Rd8 37. Rd1 Ke7 38. f4 Rh8 39. Re1 Ke6 40. Rd1 Ke7 41. Bd5 Rh6 42. Bc4 Kf8 43. Rd5 Rf6 44. Bd3 Ke7 45. Bxf5 Rh6 46. Be4 Rh4 47. Bf3 Rh6 48. Rd1 Rg6 49. Be4 Re6 50. Kf3 Rh6 51. Bf5 Rf6 52. e4 Ke8 53. Ke3 c4 54. Rc1 Bc5+ 55. Kf3 Rd6 56. Rxc4 Rd2 57. e5 Rxf2+ 58. Ke4 Re2+ 59. Kd5 Kd8 60. Kc6 Rd2 61. Rc3 Ke7 62. Rc4 Be3 63. Kb7 Kf8 64. Be4 Rd7+ 65. Ka6 Rd2 66. Bc6 Rd8 67. Re4 Bc5 68. f5 Ke7 69. e6 fxe6 70. Rxe6+ Kf7 71. Re4 Kf6 72. Rf4 Ke5 73. Rf3 Kf6 74. Kb7 Rd4 75. Ka6 Rxa4 76. Bd7 Rd4 77. Be6 a4 78. Rg3 a3 79. Rg6+ Ke5 80. Rh6 a2 81. Bxa2 Ra4+ 82. Kb7 Rxa2 83. f6 Rf2 84. Rh5+ Kxf6 85. Ka6 Ke6 86. Rh6+ Rf6 87. Rh5 Rf5 88. Rh7 Kd5 89. Rd7+ Kc4 90. Rd1 Bd4 91. Rc1+ Kd5 92. Rd1 Rf7 93. Rc1 Rf3 94. Rc7 Ra3+ 95. Kb7 Bc5 96. Rh7 Kc4 97. Rh1 Kxb5 98. Rb1+ Kc4 99. Rh1 Rc3 100. Kc6 Kb3 101. Kb7 b5 102. Rh7 b4 103. Rc7 Bd4 104. Rd7 Rd3 105. Rc7 Bc3 106. Kb8 Kc2 107. Kc8 b3 108. Rb7 b2 109. Rb6 Rd1 110. Kb7 b1=Q 111. Ka8 Qa2+ 112. Kb7 Rb1 113. Kc7 Rxb6 114. Kc8 Bd4 115. Kd8 Qe6 116. Kc7 Qd6+ 117. Kc8 Rb8# 0-1


[Site "https://www.chess.com"]

[Event "Titled Tuesday Blitz December 13 Late 2022"]
[White "Karas, Marek"]
[Black "Walentukiewicz, Michal"]
[WhiteFideId "14928558"]
[BlackFideId "1126903"]
[WhiteElo "2247"]
[BlackElo "2028"]
[Result "1-0"]
[Round "07"]
[TimeControl "180+1"]
[Date "2022.12.14"]
[WhiteClock "0:01:14"]
[BlackClock "0:01:32"]

1. h4 e5 2. c4 Nc6 3. Nc3 Bc5 4. e3 Nf6 5. g4 h6 6. Bg2 d6 7. g5 hxg5 8. hxg5 Rxh1 9. Bxh1 Ng8 10. Qh5 Be6 11. Nd5 Qd7 12. a3 a6 13. b4 Ba7 14. Bb2 O-O-O 15. Bg2 Nce7 16. Qe2 Ng6 17. d3 N8e7 18. Rc1 c6 19. b5 Kb8 20. bxc6 bxc6 21. Nxe7 Qxe7 22. Bc3 d5 23. Rb1+ Ka8 24. cxd5 cxd5 25. Nf3 Qxa3 26. Bb4 Qa4 27. Qb2 Rb8 28. Nxe5 Nxe5 29. Qxe5 Rxb4 30. Bxd5+ Bxd5 31. Qxd5+ Kb8 32. Qd6+ 1-0


[Site "https://www.chess.com"]

[Event "Titled Tuesday Blitz December 13 Late 2022"]
[White "Keymer, Vincent"]
[Black "Bernabeu Lopez, Carlos Javier"]
[WhiteFideId "12940690"]
[BlackFideId "2235366"]
[WhiteElo "2600"]
[BlackElo "2324"]
[Result "1-0"]
[Round "07"]
[TimeControl "180+1"]
[Date "2022.12.13"]
[WhiteClock "0:00:08"]
[BlackClock "0:00:58"]

1. Nf3 Nf6 2. c4 g6 3. Nc3 Bg7 4. g3 O-O 5. Bg2 d6 6. d4 Nc6 7. O-O Bg4 8. h3 Bxf3 9. Bxf3 Nd7 10. e3 e5 11. d5 Ne7 12. e4 f5 13. h4 a5 14. h5 Nf6 15. Kg2 Qe8 16. Bg5 Qf7 17. Qe2 fxe4 18. Nxe4 Nxe4 19. Bxe4 Nf5 20. hxg6 hxg6 21. Qg4 Qd7 22. Qh3 Kf7 23. g4 Nd4 24. f4 Rh8 25. fxe5+ Kg8 26. e6 Qa4 27. Qd3 Be5 28. Rh1 Rxh1 29. Rxh1 Qxa2 30. Bxg6 Qxb2+ 31. Qd2 Qxd2+ 32. Bxd2 a4 33. e7 a3 34. Bc3 Nb3 35. Bxe5 dxe5 36. e8=Q+ Rxe8 37. Bxe8 a2 38. Kf3 a1=Q 39. Rxa1 Nxa1 40. Ba4 Kg7 41. Ke4 Kf6 42. Bd1 b6 43. Ba4 Kg5 44. Bd1 Kf6 45. Kd3 Kg5 46. Ke3 Kg6 47. Kd2 Kg5 48. Kc3 e4 49. Kb2 1-0


[Site "https://www.chess.com"]

[Event "Titled Tuesday Blitz December 13 Late 2022"]
[White "Kim, Sergey"]
[Black "Meduri, Aakaash"]
[WhiteFideId "13700570"]
[BlackFideId "2032252"]
[WhiteElo "2623"]
[BlackElo "2113"]
[Result "0-1"]
[Round "07"]
[TimeControl "180+1"]
[Date "2022.12.14"]
[WhiteClock "0:00:06"]
[BlackClock "0:00:23"]

1. d4 d5 2. c4 c6 3. Nf3 Nf6 4. Qc2 dxc4 5. Qxc4 Bf5 6. e3 e6 7. Bd3 Bxd3 8. Qxd3 Nbd7 9. O-O Bd6 10. Nc3 O-O 11. e4 e5 12. Bg5 h6 13. Bh4 Re8 14. Rfe1 Qc7 15. Rac1 a6 16. Nd5 Nxd5 17. exd5 exd4 18. Qxd4 c5 19. Qg4 Ne5 20. Nxe5 Bxe5 21. b4 Bxh2+ 22. Kh1 Rxe1+ 23. Rxe1 Bd6 24. Bf6 Bf8 25. Be5 Qb6 26. bxc5 Qxc5 27. Qf3 Rd8 28. Rd1 Bd6 29. Bd4 Qc2 30. Qg4 Bf8 31. Be3 Kh8 32. a4 f5 33. Qf3 Qxa4 34. Rd4 Qa1+ 35. Kh2 Bd6+ 36. g3 f4 37. Rd1 Qf6 38. Bxf4 Bxf4 39. gxf4 Rd6 40. Qe4 Qh4+ 41. Kg2 Qg4+ 42. Kh2 Qxd1 43. Qe8+ Kh7 44. Qe4+ Rg6 0-1


[Site "https://www.chess.com"]

[Event "Titled Tuesday Blitz December 13 Late 2022"]
[White "Korchmar, Vasiliy"]
[Black "Vlassov, Nikolai"]
[WhiteFideId "24131750"]
[BlackFideId "4103360"]
[WhiteElo "2370"]
[BlackElo "2324"]
[Result "1-0"]
[Round "07"]
[TimeControl "180+1"]
[Date "2022.12.13"]
[WhiteClock "0:00:19"]
[BlackClock "0:00:01"]

1. e4 c5 2. Nf3 d6 3. d4 cxd4 4. Nxd4 Nf6 5. Nc3 g6 6. Be3 a6 7. f3 Nbd7 8. Qd2 Qc7 9. O-O-O b5 10. Bh6 Bb7 11. Kb1 Rc8 12. a3 Nb6 13. Bxf8 Rxf8 14. Bd3 Nfd7 15. f4 Nc4 16. Bxc4 Qxc4 17. Rhe1 Nb6 18. e5 d5 19. e6 Qc7 20. exf7+ Rxf7 21. Ne6 Qc6 22. Qd4 Kd7 23. g4 Nc4 24. Ne4 Kxe6 25. Ng5+ Kd7 26. Nxf7 Qf6 27. Ne5+ Kc7 28. Nxc4 dxc4 29. Qxf6 exf6 30. Re7+ Kb6 31. Rd6+ Kc5 32. Rxf6 Bf3 33. f5 Bxg4 34. fxg6 hxg6 35. Rxg6 Bh3 36. Re5+ Kd4 37. Rh5 Bf1 38. Rg4+ Ke3 39. Rg3+ Kf2 40. Rf5+ Ke1 41. Rg1 Rd8 42. Rgxf1+ Ke2 43. h4 c3 44. bxc3 1-0


[Site "https://www.chess.com"]

[Event "Titled Tuesday Blitz December 13 Late 2022"]
[White "Kujawski, Adam"]
[Black "Santos Flores, Alberto"]
[WhiteFideId "1100920"]
[BlackFideId "3601234"]
[WhiteElo "2054"]
[BlackElo "2235"]
[Result "1-0"]
[Round "07"]
[TimeControl "180+1"]
[Date "2022.12.14"]
[WhiteClock "0:00:54"]
[BlackClock "0:00:20"]

1. e4 c5 2. Nf3 Nc6 3. Nc3 g6 4. Bb5 Bg7 5. O-O Nf6 6. Re1 O-O 7. e5 Ne8 8. Bxc6 dxc6 9. d3 Bg4 10. h3 Bxf3 11. Qxf3 Nc7 12. Qg3 Ne6 13. Be3 b6 14. a4 Nd4 15. Bxd4 cxd4 16. Ne4 Qd5 17. f4 f5 18. Ng5 e6 19. b3 h6 20. Nf3 Kh7 21. Nh4 g5 22. fxg5 f4 23. g6+ Kh8 24. Qg4 Bxe5 25. g7+ Bxg7 26. Ng6+ Kh7 27. Nxf8+ Rxf8 28. Qxe6 Qxe6 29. Rxe6 c5 30. Kf2 Bf6 31. Kf3 Bg5 32. Rae1 Kg7 33. R1e5 Rf7 34. Rd6 Rb7 35. Red5 Re7 36. Rd7 Kf7 37. Rxe7+ Kxe7 38. Ke4 Ke6 39. Rf5 Ke7 40. Rxf4 Bxf4 41. Kxf4 Kf6 42. g4 Kg6 43. h4 Kf6 44. h5 Kg7 45. Ke5 Kf7 46. Kf5 Kg7 47. Ke6 a6 48. Ke7 b5 49. axb5 axb5 50. Ke6 Kg8 51. Kf6 Kh7 52. Kf7 Kh8 53. Kg6 Kg8 54. Kxh6 Kf7 55. g5 Kg8 56. g6 1-0


[Site "https://www.chess.com"]

[Event "Titled Tuesday Blitz December 13 Late 2022"]
[White "Kupervaser, Erez"]
[Black "Grot, Blazej"]
[WhiteFideId "2814587"]
[BlackFideId "21835845"]
[WhiteElo "2251"]
[BlackElo "1823"]
[Result "1-0"]
[Round "07"]
[TimeControl "180+1"]
[Date "2022.12.14"]
[WhiteClock "0:00:17"]
[BlackClock "0:00:03"]

1. e4 d6 2. d4 Nf6 3. Nc3 e5 4. f4 exd4 5. Qxd4 Nc6 6. Bb5 Bd7 7. Bxc6 Bxc6 8. Nf3 Be7 9. Bd2 O-O 10. O-O-O b5 11. g4 Nxg4 12. Rhg1 Bf6 13. Qb4 a5 14. Qb3 Nf2 15. Rde1 b4 16. Nd5 a4 17. Qc4 b3 18. Nxf6+ Qxf6 19. a3 bxc2 20. Bc3 Qxf4+ 21. Nd2 g6 22. Qd4 f6 23. Rgf1 Bb5 24. Rxf2 Qe5 25. Nf3 Qe6 26. Qd5 Bc4 27. Qxe6+ Bxe6 28. Nd4 Bb3 29. Nxc2 Rae8 30. Rxf6 Rxf6 31. Bxf6 Kf7 32. Bc3 Ke6 33. Nd4+ Kd7 34. Nxb3 axb3 35. Kd2 Rf8 36. Ke3 Ke6 37. Re2 d5 38. exd5+ Kxd5 39. Rf2 Re8+ 40. Kd3 c5 41. Rf4 c4+ 42. Rxc4 Rf8 43. Re4 Rf2 44. Re5+ Kd6 45. Re2 Rf3+ 46. Kc4 Rf1 47. Kxb3 Rh1 48. a4 Kc5 49. Re5+ Kb6 50. Re2 Rg1 51. Kc4 Rg4+ 52. Bd4+ Ka5 53. b4+ Kxa4 54. Ra2# 1-0


[Site "https://www.chess.com"]

[Event "Titled Tuesday Blitz December 13 Late 2022"]
[White "Lacasa Diaz, Jose Antonio"]
[Black "Khandelwal, Ankush"]
[WhiteFideId "2203375"]
[BlackFideId "413470"]
[WhiteElo "2338"]
[BlackElo "2271"]
[Result "1-0"]
[Round "07"]
[TimeControl "180+1"]
[Date "2022.12.14"]
[WhiteClock "0:01:54"]
[BlackClock "0:01:36"]

1. e4 c5 2. Nf3 d6 3. d4 cxd4 4. Nxd4 Nf6 5. Nc3 a6 6. Be3 e5 7. Nb3 Be7 8. Qd2 Ng4 9. g3 Nxe3 10. Qxe3 Be6 11. O-O-O Nd7 12. f4 Rc8 13. Kb1 b5 14. f5 Bc4 15. Bxc4 bxc4 16. Nd2 Bg5 17. Qe2 Nb6 18. Nf3 O-O 19. h4 Bh6 20. Nxe5 dxe5 21. Rxd8 Rfxd8 22. Rd1 Kf8 23. a4 Ke8 24. a5 Nd7 25. Nd5 Kf8 26. Nb6 Nxb6 27. axb6 Rxd1+ 28. Qxd1 Ke7 29. Qd5 Be3 30. b7 1-0


[Site "https://www.chess.com"]

[Event "Titled Tuesday Blitz December 13 Late 2022"]
[White "Levine, David"]
[Black "Prohorov, Olexandr"]
[WhiteFideId "2011611"]
[BlackFideId "14105578"]
[WhiteElo "2128"]
[BlackElo "1993"]
[Result "0-1"]
[Round "07"]
[TimeControl "180+1"]
[Date "2022.12.14"]
[WhiteClock "0:00:02"]
[BlackClock "0:01:17"]

1. d4 g6 2. g3 Bg7 3. Bg2 f5 4. Nf3 Nf6 5. O-O O-O 6. c4 d6 7. Nc3 Qe8 8. Qb3 Nc6 9. d5 Ne5 10. Nxe5 dxe5 11. e4 f4 12. Nb5 Qd8 13. gxf4 Nh5 14. fxe5 Bxe5 15. f4 Nxf4 16. Be3 e6 17. Bf2 Qg5 18. Bg3 exd5 19. cxd5 h5 20. Rxf4 Bxf4 21. d6+ Kh7 22. Nxc7 Rb8 23. Rf1 Bd7 24. Ne6 Bxe6 25. Qxe6 Rbe8 26. Bxf4 Qxg2+ 27. Kxg2 Rxe6 28. e5 Rf7 29. Rd1 Rxf4 30. d7 Rf8 31. d8=Q Rxd8 32. Rxd8 Rxe5 33. Rd7+ Kh6 34. Rxb7 Ra5 35. a3 Kg5 36. Kg3 h4+ 37. Kh3 a6 38. Rb6 Kh5 39. Kg2 g5 40. h3 Ra4 41. Rc6 a5 42. Rc5 Kg6 43. Rb5 Kf6 44. Rc5 Re4 45. Rxa5 Re2+ 46. Kf3 Rxb2 47. Ra6+ Kf5 48. Ra5+ Kg6 49. Kg4 Rb6 50. a4 Rf6 51. Rb5 Rf4# 0-1


[Site "https://www.chess.com"]

[Event "Titled Tuesday Blitz December 13 Late 2022"]
[White "Liu, Kelsey"]
[Black "Rangel, Daniel"]
[WhiteFideId "30944481"]
[BlackFideId "2124475"]
[WhiteElo "2279"]
[BlackElo "2225"]
[Result "1-0"]
[Round "07"]
[TimeControl "180+1"]
[Date "2022.12.14"]
[WhiteClock "0:00:48"]
[BlackClock "0:01:11"]

1. e4 c5 2. Nf3 d6 3. Nc3 Nf6 4. e5 g6 5. exf6 exf6 6. Bb5+ Nd7 7. O-O Be7 8. Re1 O-O 9. Nd5 Ne5 10. d4 cxd4 11. Nxd4 a6 12. Bf1 Re8 13. f4 Bf8 14. fxe5 fxe5 15. Nf3 b5 16. Bg5 Qa5 17. Nf6+ Kh8 18. Nxe8 Bb7 19. Nf6 Bg7 20. Qxd6 Rd8 21. Qe7 Qb6+ 22. Kh1 h6 23. Nd7 Rxd7 24. Qe8+ Kh7 25. Qxd7 hxg5 26. Nxg5+ Kh6 27. Nxf7+ Kh7 28. Nd6 Bc6 29. Qh3+ Kg8 30. Qe6+ Kh7 31. Bd3 Qf2 32. Qxg6+ Kg8 33. Rf1 Bxg2+ 34. Qxg2 Qxg2+ 35. Kxg2 Bf8 36. Nf7 Bc5 37. Ng5 Ba7 38. Rf7 Bb6 39. Bh7+ Kh8 40. h4 b4 41. h5 b3 42. h6 bxc2 43. Rf8# 1-0


[Site "https://www.chess.com"]

[Event "Titled Tuesday Blitz December 13 Late 2022"]
[White "Martinez Alcantara, Jose Eduardo"]
[Black "Crevatin, Leo"]
[WhiteFideId "3805662"]
[BlackFideId "1726307"]
[WhiteElo "2707"]
[BlackElo "2190"]
[Result "1-0"]
[Round "07"]
[TimeControl "180+1"]
[Date "2022.12.13"]
[WhiteClock "0:01:54"]
[BlackClock "0:00:03"]

1. e4 c5 2. Nf3 d6 3. c3 Nf6 4. h3 Nc6 5. Bd3 e5 6. Bc2 g6 7. O-O Bg7 8. d4 O-O 9. dxe5 dxe5 10. Be3 b6 11. Qe2 Qc7 12. a4 Be6 13. Na3 Rad8 14. Bg5 h6 15. Bxf6 Bxf6 16. Nc4 Ne7 17. Ne3 Bg5 18. Rfd1 Bxe3 19. Qxe3 Kg7 20. Bd3 g5 21. Bf1 Ng6 22. g3 Rxd1 23. Rxd1 Rd8 24. Ra1 Qd7 25. Kh2 f6 26. a5 h5 27. axb6 axb6 28. Ra6 Rb8 29. Qd2 Qc7 30. b4 cxb4 31. cxb4 g4 32. hxg4 hxg4 33. Ne1 Ne7 34. Kg1 Nc6 35. Nc2 Rd8 36. Qc3 Qb7 37. Qa3 Kg6 38. b5 Nd4 39. Nxd4 Rxd4 40. Ra7 Qxe4 41. Qf8 Bd5 42. Qg7+ Kf5 43. Qh7+ Ke6 44. Qd7# 1-0


[Site "https://www.chess.com"]

[Event "Titled Tuesday Blitz December 13 Late 2022"]
[White "Melikyan, Gnel"]
[Black "Dzierzak, Radoslaw"]
[WhiteFideId "54109990"]
[BlackFideId "1161407"]
[WhiteElo "2138"]
[BlackElo "2111"]
[Result "1-0"]
[Round "07"]
[TimeControl "180+1"]
[Date "2022.12.14"]
[WhiteClock "0:00:18"]
[BlackClock "0:00:04"]

1. d4 Nf6 2. c4 e6 3. Nc3 Bb4 4. f3 O-O 5. e4 Ne8 6. a3 Bxc3+ 7. bxc3 b6 8. Bd3 Nc6 9. Ne2 Ba6 10. a4 Na5 11. Ba3 d6 12. c5 Bxd3 13. Qxd3 dxc5 14. O-O f5 15. Rfd1 c4 16. Qe3 Rf7 17. d5 e5 18. exf5 Rxf5 19. Ng3 Rg5 20. f4 exf4 21. Qe6+ Kh8 22. Be7 Qc8 23. Bxg5 fxg3 24. hxg3 Nd6 25. Bf4 Nb3 26. Ra2 Nc5 27. Qxc8+ Rxc8 28. a5 Nb5 29. Be5 Re8 30. axb6 axb6 31. Rb2 Rxe5 32. Rxb5 h5 33. d6 cxd6 34. Rxd6 Re3 35. Rdxb6 Ne4 36. Rxh5+ Kg8 37. Re5 Re1+ 38. Kh2 Re2 39. Rbe6 1-0


[Site "https://www.chess.com"]

[Event "Titled Tuesday Blitz December 13 Late 2022"]
[White "Mieles Palau, Daniel"]
[Black "Brown, Andrew"]
[WhiteFideId "3600467"]
[BlackFideId "3206513"]
[WhiteElo "2344"]
[BlackElo "2245"]
[Result "1-0"]
[Round "07"]
[TimeControl "180+1"]
[Date "2022.12.14"]
[WhiteClock "0:00:29"]
[BlackClock "0:00:06"]

1. b3 e5 2. e3 Nc6 3. Bb2 Nf6 4. Bb5 Bd6 5. Na3 a6 6. Bxc6 dxc6 7. Nc4 Qe7 8. Ne2 Bg4 9. O-O O-O-O 10. f3 Bh5 11. e4 Bc5+ 12. Kh1 Nd7 13. d4 exd4 14. Bxd4 Nb6 15. Bxc5 Qxc5 16. Nxb6+ Qxb6 17. Qc1 f6 18. Qf4 Qc5 19. c3 Rd3 20. Nd4 Rxc3 21. Ne6 Qe5 22. Qxe5 fxe5 23. Nxg7 Bg6 24. Ne6 Re8 25. Ng5 h6 26. Nh3 Rd8 27. Nf2 Rd2 28. Ng4 Rcc2 29. Rg1 Bh5 30. Nxe5 c5 31. Rac1 Rxa2 32. Rxc5 c6 33. Nc4 Re2 34. Rxh5 1-0


[Site "https://www.chess.com"]

[Event "Titled Tuesday Blitz December 13 Late 2022"]
[White "Mihajlov, Sebastian"]
[Black "Marchesich, Giovanni"]
[WhiteFideId "1512110"]
[BlackFideId "2824790"]
[WhiteElo "2464"]
[BlackElo "2200"]
[Result "1-0"]
[Round "07"]
[TimeControl "180+1"]
[Date "2022.12.14"]
[WhiteClock "0:02:12"]
[BlackClock "0:01:52"]

1. e4 e5 2. Nc3 Nf6 3. Bc4 Bc5 4. d3 Nc6 5. f4 d5 6. exd5 Bg4 7. Nge2 Nd4 8. fxe5 Nd7 9. Bf4 Qh4+ 10. Bg3 Qh5 11. Qd2 Nxe5 12. Nxd4 Bxd4 13. Qf4 Bxc3+ 14. bxc3 O-O-O 15. O-O Nxc4 16. Qxc7# 1-0


[Site "https://www.chess.com"]

[Event "Titled Tuesday Blitz December 13 Late 2022"]
[White "Moral Garcia, Serafin"]
[Black "Rian, Kapriaga"]
[WhiteFideId "2201925"]
[BlackFideId "7103263"]
[WhiteElo "2259"]
[BlackElo "2303"]
[Result "1-0"]
[Round "07"]
[TimeControl "180+1"]
[Date "2022.12.14"]
[WhiteClock "0:01:43"]
[BlackClock "0:00:06"]

1. Nf3 d5 2. b3 Nf6 3. Bb2 Bf5 4. Nh4 Bg4 5. h3 Bh5 6. g4 Bg6 7. e3 e6 8. d3 Nfd7 9. Nxg6 hxg6 10. Bg2 c6 11. Nd2 e5 12. c4 dxc4 13. dxc4 Be7 14. Ne4 Qc7 15. Qe2 Bb4+ 16. Kf1 O-O 17. g5 Nc5 18. h4 Nbd7 19. h5 Ne6 20. Qg4 Rae8 21. Qh4 a5 22. h6 f5 23. hxg7 Nxg7 24. Nf6+ Nxf6 25. gxf6 Nh5 26. Bf3 Qh7 27. Bxh5 gxh5 28. Rg1+ Kh8 29. Rg5 Rxf6 30. Rxh5 Rf7 31. Rxh7+ Rxh7 32. Qf6+ Kg8 33. Ke2 Rg7 34. Bxe5 Bf8 35. Qxf5 Ree7 36. Bxg7 Bxg7 37. Rd1 1-0


[Site "https://www.chess.com"]